 Dungeon Crawl Stone Soup version 0.18-a0-731-ga019a5f (webtiles) character file.

154249 xeno23 the Black Belt (level 18, 0/153 HPs)
             Began as a Human Monk on Dec 8, 2015.
             Was the Champion of Ru.
             Slain by a merfolk impaler
             ... wielding a +2 trident of flaming
              (3 damage)
             ... on level 4 of the Shoals on Dec 10, 2015.
             The game lasted 03:33:32 (35699 turns).

xeno23 the Black Belt (Human Monk)                 Turns: 35699, Time: 03:33:34

Health: 0/153      AC: 11    Str: 15    XL:     18   Next: 25%
Magic:  19/24      EV: 19    Int: 13    God:    Ru [******]
Gold:   2776       SH:  0    Dex: 18    Spells: 2 memorised, 24 levels left

rFire  x . .     SeeInvis .       - Unarmed
rCold  + + +     Clarity  .     (armour currently unavailable)
rNeg   . . .     SustAt   .     (shield unavailable)
rPois  +         Gourm    .     (helmet currently unavailable)
rElec  .         Spirit   .     (cloak currently unavailable)
rCorr  .         Dismiss  .     (gloves currently unavailable)
rMut   .         Stasis   .     (boots currently unavailable)
MR     +....                    M - amulet of regeneration
Stlth  ++++......               V - +3 ring of protection
                                (ring unavailable)

@: exhausted, ice-form, no scrolls, somewhat resistant to hostile enchantments,
stealthy
A: frail 1, low mp 1, mutation resistance 1, screaming 1, inability to read
while threatened, missing a hand, hated by all, disrupted magic 1
a: End Transformation, Draw Out Power, Power Leap, Apocalypse, Renounce Religion


You were on level 4 of the Shoals.
You worshipped Ru.
Ru was exalted by your worship.
You were not hungry.
You were a creature of crystalline ice.
You visited 5 branches of the dungeon, and saw 32 of its levels.
You also visited: Labyrinth and Ice Cave.

You collected 3516 gold pieces.
You spent 740 gold pieces at shops.

Inventory:

Hand Weapons
 G - a +0 blowgun
Missiles
 o - 117 poisoned needles
 A - 8 curare-tipped needles
Armour
 c - the +1 pair of gloves "Gucir" (melded) {rElec Int+8}
   (You found it on level 6 of the Dungeon)

   It affects your intelligence (+8).
   It insulates you from electricity.
 g - the +1 hat of Virtue (melded) {rCorr MP+9 Str+4 SInv}
   (You found it in a labyrinth)

   It affects your strength (+4).
   It affects your magic capacity (+9).
   It lets you see invisible.
   It protects you from acid and corrosion.
 w - a +3 ring mail of fire resistance (melded)
 F - a +0 cloak (melded)
Rods
 u - a +0 rod of ignition (13/13)
   (You found it on level 7 of the Dungeon)
Jewellery
 n - an uncursed amulet of rage {unknown}
 D - an uncursed ring of teleportation
 M - an amulet of regeneration (around neck)
 Q - an uncursed ring of magical power
 V - a +3 ring of protection (right front paw)
Wands
 B - a wand of disintegration (3)
 C - a wand of draining (6)
 H - a wand of teleportation (7)
 N - a wand of teleportation (3)
 P - a wand of digging (16)
 Z - a wand of paralysis (8)
Scrolls
 e - 7 scrolls of amnesia
 f - 4 scrolls of recharging
 j - 5 scrolls of blinking
 k - 3 scrolls of enchant armour
 l - 12 scrolls of teleportation
 s - a scroll of vulnerability
 x - a scroll of fear
 y - 2 scrolls of fog
 O - 5 scrolls of magic mapping
 R - 3 scrolls of remove curse
 T - 7 scrolls of enchant weapon
Potions
 a - 6 potions of curing
 h - 8 potions of brilliance
 p - 4 potions of resistance
 q - 4 potions of cancellation
 r - 2 potions of berserk rage
 t - 2 potions of agility
 v - 3 potions of haste
 z - 4 potions of might
 I - a potion of flight {unknown}
 J - 5 potions of lignification
 K - 2 potions of beneficial mutation {unknown}
 L - a potion of magic
Comestibles
 b - 17 bread rations
 i - 17 meat rations
 m - 46 fruits
 S - a slice of pizza


   Skills:
 + Level 13.0 Fighting
 + Level 12.9 Dodging
 + Level 6.2 Stealth
 * Level 17.5 Unarmed Combat
 + Level 6.1 Spellcasting
 * Level 14.0 Transmutations
 - Level 5.1 Ice Magic
 + Level 6.9 Evocations


You had 24 spell levels left.
You knew the following spells:

 Your Spells              Type           Power        Failure   Level  Hunger
a - Ice Form              Ice/Trmt       ####....     6%          4    ####...
b - Apportation           Tloc           #.........   24%         1    None


Dungeon Overview and Level Annotations

Branches:
Dungeon (15/15)            Temple (1/1) D:4            Lair (8/8) D:8
 Shoals (4/4) Lair:6        Snake (0/4) Lair:6        Slime (0/6) Lair:8
    Orc (4/4) D:12            Elf (0/3) Orc:4        Vaults (0/5) D:14
 Depths (0/5) D:15

Altars:
Ashenzari
Cheibriados
Dithmenos
Elyvilon
Fedhas
Gozag
Kikubaaqudgha
Makhleb
Nemelex Xobeh
Okawaru
Pakellas
Qazlal
Ru
Sif Muna
Trog
Vehumet
Xom
Yredelemnul
Zin
The Shining One
Beogh

Shops:
D:5 (   D:11 [   Orc:1 %   Orc:4 ([*=   Shoals:2 *

Annotations:
D:8 Erolcha
D:10 1 runed door


Innate Abilities, Weirdness & Mutations

You occasionally shout uncontrollably at your foes.
You cannot read scrolls while threatened.
You are missing a hand.
You are hated by all.
Your casting is slightly disrupted.
You are frail (-10% HP).
Your magical capacity is low (-10% MP).
You are somewhat resistant to further mutation.


Message History

The snapping turtle misses you.
The water nymph points at you and mumbles some strange words.
The water swirls and strikes you!
* * * LOW HITPOINT WARNING * * *
The griffon completely misses you. The griffon pecks you.
* * * LOW HITPOINT WARNING * * *
The griffon claws you.
* * * LOW HITPOINT WARNING * * *
Drink which item? (? for menu, Esc to quit)
You're too exhausted to go berserk.
Drink which item? (? for menu, Esc to quit)
Okay, then.
Drink which item? (? for menu, Esc to quit)
You feel better.
You are engulfed in a cloud of scalding steam.
* * * LOW HITPOINT WARNING * * *
The merfolk impaler hits you with a trident of flaming!
* * * LOW HITPOINT WARNING * * *
The merfolk impaler melts you.
You die...

≈≈≈≈≈≈≈≈≈≈≈≈......
≈≈≈≈≈≈≈≈≈≈≈≈......
≈≈≈≈≈≈≈≈≈≈≈≈≈≈≈≈≈#####...
≈≈≈≈≈≈≈≈≈≈≈≈≈≈≈≈≈##≈≈≈##[.
≈≈≈≈≈≈≈≈≈≈≈≈≈≈≈≈≈#≈≈≈≈≈#..
≈≈≈≈≈≈≈≈≈≈≈≈≈≈≈≈((≈≈}≈≈#..
≈≈≈≈≈≈≈≈≈#####≈≈≈#)≈≈≈≈#..
≈≈≈≈≈≈≈P##...##≈)##≈≈≈##..
≈≈≈≈≈≈≈P#Ym≈..#≈≈≈#####≈≈.
≈≈≈≈≈PP≈Hmmt≈.#≈≈..((≈≈≈.≈
≈≈≈≈P≈≈.#≈≈≈≈.#.....≈≈≈≈≈≈
≈≈≈≈PP≈.##≈≈≈##......≈≈(≈≈
≈≈≈≈P≈P..#####.......≈≈≈≈≈
≈≈≈≈PP≈.............≈≈≈≈≈≈
≈≈≈≈P≈≈P............≈≈≈≈.≈
≈≈≈≈PPPP..(..≈...≈≈≈≈≈≈≈.#
≈≈≈≈≈≈P≈≈≈..≈≈≈≈≈≈≈≈≈≈≈≈.#


You could see a merfolk impaler, a griffon, a merfolk aquamancer, a snapping
turtle and a water nymph.

Vanquished Creatures
  Rupert (Lair:5)
  Gastronok (Lair:3)
  Kirke (Shoals:2)
  Agnes (D:14)
  An orc warlord (Orc:4)
  Louise (D:14)
  A white draconian (IceCv)
  2 merfolk javelineers (Shoals:2)
  2 merfolk impalers
  2 fire dragons
  A minotaur (Lab)
  A catoblepas (Lair:7)
  The ghost of nublet the Grappler, a journeyman CeTm of Okawaru (D:11)
  5 hydras
  A naga warrior (Lair:6)
  3 merfolk avatars
  An alligator snapping turtle (Shoals:2)
  An ice dragon (Orc:3)
  2 merfolk aquamancers
  A queen ant (Lair:8)
  3 centaur warriors
  3 satyrs
  An orc high priest (Orc:4)
  An ogre mage (D:15)
  Urug (Lair:1)
  A fire crab (shapeshifter) (D:15)
  Sonja (Lair:3)
  3 skeletal warriors (D:15)
  The ghost of xeno23 the Martial Artist, a novice HuMo (D:7)
  6 sea snakes
  3 unseen horrors
  2 necromancers
  3 orc knights (Orc:4)
  4 hill giants
  A wolf spider (Lair:8)
  A deep elf conjurer (D:15)
  14 harpies
  3 wizards
  5 water nymphs
  3 orc sorcerers (Orc:4)
  6 griffons
  An oklob plant (Lair:6)
  2 ugly things
  14 manticores
  8 slime creatures
  10 fauns
  4 cyclopes
  7 sirens
  6 elephants (Lair:8)
  An ice statue (IceCv)
  Joseph (Lair:1)
  5 black mambas
  A guardian serpent (Lair:8)
  A torpor snail (Lair:8)
  A gargoyle (D:15)
  11 komodo dragons
  2 naga magi (D:15)
  25 spiny frogs
  3 spriggan druids (Lair:7)
  An efreet (D:15)
  2 wind drakes
  22 merfolk
  A two-headed ogre (D:14)
  4 trolls
  18 polar bears
  28 blink frogs
  9 snapping turtles
  A shadow (D:14)
  A boulder beetle (Lair:8)
  6 wyverns
  11 spriggans (Lair:7)
  58 yaks
  5 basilisks
  A deep elf mage (D:10)
  11 water elementals
  6 hungry ghosts
  3 hogs (Shoals:2)
  17 hippogriffs
  A deep elf fighter (D:14)
  4 humans (Shoals:2)
  6 nagas (Lair:6)
  8 steam dragons
  A mottled dragon (Lair:8)
  6 wargs
  26 water moccasins
  8 soldier ants (Lair:8)
  50 wolves
  2 swamp drakes (Lair:8)
  15 porcupines
  4 ice beasts
  3 necrophages
  2 black bears
  37 orc warriors
  7 wasps
  11 ogres
  2 phantoms
  4 sky beasts
  17 crocodiles
  18 centaurs
  9 big kobolds
  A komodo dragon zombie (Lair:5)
  A gnoll sergeant (D:9)
  19 giant frogs
  A wyvern zombie (D:15)
  6 scorpions
  2 jellies (D:9)
  20 killer bees
  3 wights (D:8)
  3 troll skeletons (Lab)
  8 crimson imps
  2 centaur zombies
  14 electric eels
  5 hounds
  A giant frog zombie (D:12)
  24 orc priests
  2 giant frog skeletons
  5 centaur skeletons
  15 iguanas
  32 orc wizards
  15 sheep
  42 worker ants
  A crocodile zombie (Lair:5)
  A hound zombie (D:5)
  A hound skeleton (D:5)
  Robin (D:3)
  9 gnolls
  42 river rats
  5 shadow imps
  21 adders
  4 oozes
  4 adder skeletons
  2 worms
  7 giant geckos
  167 orcs
  11 giant cockroaches
  20 goblins
  7 hobgoblins
  3 quokkas
  4 ball pythons
  9 bats
  A giant gecko zombie (D:8)
  5 giant newts
  12 jackals
  31 kobolds
  3 rats
  3 bushes (Lair:8)
  3 butterflies (D:10)
  32 fungi
  25 plants
1300 creatures vanquished.

Vanquished Creatures (others)
  A spriggan (Lair:7)
  An unseen horror (D:11)
  A spiny frog (Lair:3)
  2 komodo dragons (Lair:8)
  2 polar bears
  A basilisk (Lair:3)
  A porcupine (Lair:3)
  2 wasps
  A crocodile (Lair:4)
  2 giant frogs
  An orc wizard (Orc:4)
  An iguana (Lair:8)
  A river rat (Lair:8)
  2 orcs
  A quokka (D:7)
  24 fungi
  25 plants
69 creatures vanquished.

Grand Total: 1369 creatures vanquished

Notes
Turn   | Place    | Note
--------------------------------------------------------------
     0 | D:1      | xeno23 the Human Monk began the quest for the Orb.
     0 | D:1      | Reached XP level 1. HP: 18/18 MP: 1/1
   136 | D:1      | Reached XP level 2. HP: 13/24 MP: 2/2
   329 | D:1      | You fall through a shaft!
   612 | D:2      | Reached XP level 3. HP: 18/29 MP: 3/3
   911 | D:2      | Reached XP level 4. HP: 27/35 MP: 4/4
   970 | D:2      | Found a snail-covered altar of Cheibriados.
  1046 | D:2      | Reached skill level 5 in Unarmed Combat
  1901 | D:3      | Reached XP level 5. HP: 38/41 MP: 5/5
  1966 | D:3      | Noticed Robin
  2073 | D:3      | Killed Robin
  2158 | D:3      | Found an ancient bone altar of Kikubaaqudgha.
  2183 | D:3      | You fall through a shaft!
  2331 | D:3      | Got a fabulously ornate robe
  2342 | D:3      | Identified the cursed +1 robe "Qecrof Ushru" {Slay+2} (You found it on level 3 of the Dungeon)
  2482 | D:3      | Reached XP level 6. HP: 18/48 MP: 6/6
  2935 | D:4      | Found a deep blue altar of Sif Muna.
  3008 | D:4      | Found a sparkling altar of Nemelex Xobeh.
  3023 | D:4      | Reached skill level 6 in Unarmed Combat
  3535 | D:4      | Found a staircase to the Ecumenical Temple.
  3549 | Temple   | Entered the Ecumenical Temple
  3766 | D:5      | Entered Level 5 of the Dungeon
  3766 | D:5      | Noticed an ice beast
  3802 | D:4      | Reached XP level 7. HP: 50/54 MP: 7/7
  3833 | D:5      | Found an iron altar of Okawaru.
  4103 | D:5      | Found Daczas's Weapon Shoppe.
  4188 | D:5      | Reached skill level 7 in Unarmed Combat
  4333 | D:5      | Found a sacrificial altar of Ru.
  4506 | D:5      | Reached skill level 5 in Dodging
  4506 | D:5      | Reached XP level 8. HP: 49/61 MP: 8/8
  4515 | D:4      | Reached skill level 5 in Fighting
  4705 | D:5      | Became a worshipper of Ru the Awakened
  4709 | D:5      | Gained mutation: Your casting is slightly disrupted. [Ru sacrifice]
  4788 | D:5      | Found a basalt altar of Yredelemnul.
  4789 | D:5      | Found a stormy altar of Qazlal.
  4793 | D:5      | Found a shimmering altar of Xom.
  4983 | D:6      | Got a pair of shimmering gloves
  4989 | D:6      | Identified the +1 pair of gloves "Gucir" {rElec Int+8} (You found it on level 6 of the Dungeon)
  5186 | D:6      | Reached skill level 8 in Unarmed Combat
  5526 | D:6      | Reached XP level 9. HP: 30/69 MP: 9/9
  6051 | D:7      | Reached skill level 9 in Unarmed Combat
  6082 | D:7      | Found a white marble altar of Elyvilon.
  6308 | D:7      | Noticed xeno23's ghost (novice HuMo)
  6335 | D:7      | Killed xeno23's ghost
  6534 | D:7      | Found a blossoming altar of Fedhas.
  6546 | D:7      | Reached skill level 10 in Unarmed Combat
  6831 | D:7      | Identified a +0 rod of ignition (13/13) (You found it on level 7 of the Dungeon)
  6983 | D:7      | Reached XP level 10. HP: 79/79 MP: 10/10
  6993 | D:7      | Reached skill level 1 in Evocations
  7399 | D:8      | Noticed Erolcha
  7406 | D:8      | Gained mutation: You are hated by all. [Ru sacrifice]
  7406 | D:8      | Reached * piety under Ru
  7876 | D:8      | Noticed a three-headed hydra
  8255 | D:8      | Found a staircase to the Lair.
  8365 | D:8      | Killed a one-headed hydra
  8635 | D:9      | Reached skill level 11 in Unarmed Combat
  8840 | D:9      | Reached XP level 11. HP: 52/86 MP: 14/14
  9005 | D:9      | Reached skill level 5 in Evocations
  9065 | D:9      | Found a shattered altar of Ashenzari.
  9280 | D:9      | Found a radiant altar of Vehumet.
  9281 | D:9      | Found a burning altar of Makhleb.
  9452 | D:10     | Entered Level 10 of the Dungeon
  9494 | D:10     | Reached skill level 5 in Stealth
  9532 | D:10     | Gained mutation: You occasionally shout uncontrollably at your foes. [Ru sacrifice]
  9532 | D:10     | Reached ** piety under Ru
  9598 | D:10     | Found a runed door.
  9742 | D:10     | Noticed an unseen horror
  9747 | D:10     | Killed an unseen horror
  9747 | D:10     | Reached skill level 1 in Spellcasting
 10151 | D:10     | Found a runed door.
 10745 | D:11     | Noticed a cyclops
 10780 | D:11     | Killed a cyclops
 11023 | D:11     | Noticed nublet's ghost (journeyman CeTm)
 11035 | D:11     | Killed nublet's ghost
 11041 | D:11     | Learned a level 4 spell: Ice Form
 11205 | D:11     | Found Livaigg's Antique Armour Shoppe.
 11213 | D:11     | Bought a translucent leather armour for 182 gold pieces
 11223 | D:11     | Identified the +0 leather armour of Dithmenos's Envy {Int+3} (You bought it in a shop on level 11 of the Dungeon)
 11255 | D:11     | Gained mutation: You cannot read scrolls while threatened. [Ru sacrifice]
 11255 | D:11     | Reached *** piety under Ru
 11259 | D:11     | Noticed an unseen horror
 11267 | D:11     | Killed an unseen horror
 11267 | D:11     | Reached skill level 12 in Unarmed Combat
 11267 | D:11     | Reached skill level 1 in Transmutations
 11868 | D:11     | Reached skill level 1 in Ice Magic
 12296 | D:8      | Reached XP level 12. HP: 94/94 MP: 16/16
 12948 | Lair:1   | Entered Level 1 of the Lair of Beasts
 13080 | Lair:1   | Noticed Urug
 13526 | Lair:1   | Killed Urug
 14379 | Lair:1   | HP: 4/94 [poisoned by a spiny frog]
 14749 | Lair:1   | Noticed Joseph
 14780 | Lair:1   | Killed Joseph
 15197 | Lair:2   | Gained mutation: You are missing a hand. [Ru sacrifice]
 15197 | Lair:2   | Reached **** piety under Ru
 15197 | Lair:2   | Reached ***** piety under Ru
 15197 | Lair:2   | Reached ****** piety under Ru
 15907 | Lair:2   | Noticed a six-headed hydra
 15921 | Lair:2   | Killed a six-headed hydra
 15921 | Lair:2   | Reached skill level 5 in Transmutations
 15921 | Lair:2   | Reached XP level 13. HP: 85/101 MP: 17/19
 17078 | Lair:3   | Reached skill level 13 in Unarmed Combat
 17135 | Lair:3   | Noticed Sonja
 17139 | Lair:3   | Killed Sonja
 17178 | Lair:3   | Noticed Gastronok
 17235 | Lair:3   | Killed Gastronok
 18322 | Lair:4   | Reached skill level 5 in Spellcasting
 18723 | Lair:4   | Reached skill level 5 in Ice Magic
 18952 | Lair:4   | Reached skill level 10 in Dodging
 19356 | Lair:5   | Reached skill level 10 in Fighting
 19356 | Lair:5   | Reached XP level 14. HP: 99/110 MP: 21/21
 19530 | Lair:5   | You fall through a shaft for 2 floors!
 19826 | Lair:7   | Found a labyrinth entrance.
 19866 | Lab      | Entered a labyrinth
 19867 | Lab      | Upgraded the game from 0.18-a0-721-g8fc53f4 to 0.18-a0-731-ga019a5f
 20121 | Lab      | Reached skill level 14 in Unarmed Combat
 20182 | Lab      | Got a scorched hat
 20198 | Lab      | Identified the +1 hat of Virtue {rCorr MP+9 Str+4 SInv} (You found it in a labyrinth)
 21756 | Lair:6   | Found a staircase to the Snake Pit.
 21772 | Lair:6   | Gained mutation: Scrolls take you a little longer to read. [potion of mutation]
 21772 | Lair:6   | Lost mutation: Scrolls take you a little longer to read. [potion of mutation]
 21772 | Lair:6   | Gained mutation: You are somewhat resistant to further mutation. [potion of mutation]
 21773 | Lair:6   | Gained mutation: Your magical capacity is low (-10% MP). [potion of mutation]
 21824 | Lair:6   | Learned a level 1 spell: Apportation
 22187 | Lair:6   | Found a staircase to the Shoals.
 22650 | Lair:5   | Noticed Rupert
 22692 | Lair:5   | Killed Rupert
 22692 | Lair:5   | Reached XP level 15. HP: 117/117 MP: 20/20
 22851 | Lair:5   | Reached skill level 10 in Transmutations
 23274 | Lair:8   | Entered Level 8 of the Lair of Beasts
 23364 | Lair:8   | Reached skill level 15 in Unarmed Combat
 23460 | Lair:8   | Found a staircase to the Slime Pits.
 25108 | D:12     | Got a brightly glowing dagger {flame}
 25110 | D:12     | Identified the +9 dagger "Uxouno" {flame, rElec Int+2} (You took it off a centaur on level 12 of the Dungeon)
 25623 | D:12     | Found a staircase to the Orcish Mines.
 25649 | Orc:1    | Entered Level 1 of the Orcish Mines
 26027 | Orc:2    | Found a burning altar of Makhleb.
 26456 | Orc:1    | Found Retyliurro's Food Shoppe.
 26657 | Orc:3    | Found a frozen archway.
 26683 | Orc:3    | Reached XP level 16. HP: 32/126 MP: 21/21
 26703 | IceCv    | Entered an ice cave
 27227 | IceCv    | Reached skill level 16 in Unarmed Combat
 27247 | IceCv    | Got a vibrating silver ring
 27258 | IceCv    | Identified the ring "Mabuciar" {Ice *Confuse rElec Slay+4} (You found it in an ice cave)
 28389 | Orc:4    | Entered Level 4 of the Orcish Mines
 28486 | Orc:4    | Found a roughly hewn altar of Beogh.
 28538 | Orc:4    | Found a staircase to the Elven Halls.
 28805 | Orc:4    | Found Owuif's Antique Armour Shop.
 28809 | Orc:4    | Found Zyfat's Jewellery Shop.
 28840 | Orc:4    | Found Jotano's Antique Weapon Shop.
 28844 | Orc:4    | Found Ficituel's General Store.
 30723 | D:14     | Found a gate to the Vaults.
 30851 | D:14     | Noticed Agnes
 30859 | D:14     | Killed Agnes
 30879 | D:14     | Noticed Louise
 31033 | D:14     | Killed Louise
 31436 | D:15     | Entered Level 15 of the Dungeon
 31449 | D:15     | Reached XP level 17. HP: 133/133 MP: 22/22
 31923 | D:15     | Found a staircase to the Depths.
 32017 | D:15     | Identified a scroll of acquirement
 32020 | D:15     | Got a pair of ichor-stained gloves
 32031 | D:15     | Identified the +0 pair of gloves "Werriago" {+Inv MP+9 Slay-6 SInv} (You acquired it on level 15 of the Dungeon)
 32337 | Shoals:1 | Entered Level 1 of the Shoals
 32544 | Shoals:1 | Reached skill level 17 in Unarmed Combat
 33106 | Shoals:2 | Noticed Kirke
 33122 | Shoals:2 | Killed Kirke
 33442 | Shoals:2 | Found Oryboocy's Assorted Antiques.
 33931 | Shoals:2 | Bought a potion of cancellation for 184 gold pieces
 33931 | Shoals:2 | Bought a potion of mutation for 57 gold pieces
 33931 | Shoals:2 | Bought 3 scrolls of teleportation for 207 gold pieces
 33931 | Shoals:2 | Bought a potion of curing for 69 gold pieces
 33931 | Shoals:2 | Gained mutation: You are frail (-10% HP). [potion of mutation]
 33932 | Shoals:2 | Bought 2 smoky black potions for 41 gold pieces
 34779 | Shoals:3 | Reached XP level 18. HP: 75/127 MP: 24/24
 34790 | Shoals:3 | HP: 2/127 [sea snake (8)]
 35468 | Shoals:4 | Entered Level 4 of the Shoals
 35699 | Shoals:4 | HP: 3/153 [merfolk impaler/trident of flaming (14)]
 35699 | Shoals:4 | Slain by a merfolk impaler

Vault maps used:
D:1:      dpeg_arrival_arbitrary_c, minivault_11
D:2:      cheibriados_altar_1, first_bread, minmay_crystal_water
D:3:      nicolae_overflow_crystal_walls, roderic_cross_of_infinity,
          dk_noncrumbling_2, uniq_robin
D:4:      lemuel_crystal_altar, nemelex_deck, minmay_temple_entry_poolview
D:5:      lemuel_doored_altar, minitemple, serial_shops, shop
D:6:      hangedman_abyss_or_decor_stagger, grunt_decor_resistance
D:7:      elyvilon_altar_4, lemuel_round_altar
D:8:      lair_0_dummy, minmay_misc_feat_diagonals, hangedman_ranch,
          uniq_erolcha
D:9:      grunt_temple_overflow_lords_of_destruction, overflow_temple_1_default
D:10:     lemuel_insect_pit
D:11:     serial_shops, shop, eino_small_chamber_without_monster,
          kennysheep_generic_room_3
D:12:     statuecave_lemuel, erik_orc_2, nooodl_orcs_dogs
D:13:     nrook_mini_backslash
D:14:     david_vaults_4, nicolae_two_hexagons, uniq_agnes, uniq_louise
D:15:     grunt_enter_depths_magical_seal, serial_curves, eino_curves_02,
          eino_curves_02, eino_curves_02
Temple:   circular_temple_6
Lair:1:   serial_bayou, serial_bayou_lake_a, serial_bayou_lagoon_a,
          serial_bayou_pond_d, serial_bayou_pond_c, serial_bayou_shore_b,
          serial_bayou_pond_d, beast_lair_carwin_9, uniq_urug, uniq_joseph
Lair:3:   infiniplex_staircase_pool, uniq_gastronok, uniq_sonja
Lair:5:   pond_and_an_island_with_a_cottage, uniq_rupert
Lair:6:   elwin_shoals_entry_stream, minmay_snake_entry_guardpost_large,
          grunt_forest_large_clearings, infiniplex_staircase_pool_2
Lair:7:   forest_paths, lab_entry_generic, nicolae_volcano_entry_lava_flow,
          uniq_nessos
Lair:8:   guppyfry_lair_end_dragon, hangedman_lair_tendril_chambers,
          slime_dummy, zaba_antful_of_joy
Shoals:2: serial_shops, nicolae_shop_behind_doors, uniq_kirke
Shoals:4: shoals_end_simple, shoals_ilsuiw_ice
Orc:1:    serial_shops, nicolae_shop_stone
Orc:2:    bloody_makhleb
Orc:3:    portal_ice_cave_entry_animals_and_master, nicolae_orc_pool_cavern
Orc:4:    grunt_orc_cross
Lab:      labyrinth_mini_lab, nicolae_lab_grate_2, nicolae_lab_plus
IceCv:    ice_cave_caverns_03

Action                   |  1- 3 |  4- 6 |  7- 9 | 10-12 | 13-15 | 16-18 || total
-------------------------+-------+-------+-------+-------+-------+-------++-------
Melee: Unarmed           |   161 |   256 |   313 |   957 |  1441 |  1194 ||  4322
       Hand axe          |       |       |       |     8 |       |       ||     8
       Blowgun           |       |       |       |       |    46 |       ||    46
       Dagger            |       |       |       |       |     4 |       ||     4
 Fire: Blowgun           |       |       |       |    20 |    86 |       ||   106
Throw: Javelin           |       |       |       |       |     1 |       ||     1
 Cast: Ice Form          |       |       |       |       |     6 |    52 ||    58
Invok: Sacrifice Essence |       |       |     1 |       |       |       ||     1
       Sacrifice Love    |       |       |       |     1 |       |       ||     1
       Draw Out Power    |       |       |       |     4 |     2 |       ||     6
       Sacrifice Purity  |       |       |       |     1 |       |       ||     1
       Sacrifice Words   |       |       |       |     1 |       |       ||     1
       Sacrifice a Hand  |       |       |       |     1 |       |       ||     1
       Power Leap        |       |       |       |       |    27 |     8 ||    35
       Apocalypse        |       |       |       |       |     9 |     5 ||    14
 Abil: End Transformatio |       |       |       |       |       |     2 ||     2
Evoke: Wand              |       |       |     4 |     6 |     6 |     4 ||    20
       Rod               |       |       |       |    12 |     5 |     2 ||    19
  Use: Scroll            |       |    12 |     8 |     9 |    14 |     4 ||    47
       Potion            |       |       |     1 |     4 |     5 |    11 ||    21
 Stab: Sleeping          |     9 |     9 |     4 |     5 |    11 |    11 ||    49
       Distracted        |     1 |       |     1 |     7 |    17 |    15 ||    41
       Invisible         |       |       |       |     2 |    37 |    16 ||    55
       Paralysed         |       |       |       |       |    46 |    37 ||    83
  Eat: Chunk             |       |     9 |    10 |    33 |    37 |    24 ||   113
       Bread ration      |       |       |       |     1 |       |       ||     1
       Beef jerky        |       |       |       |     2 |       |     7 ||     9
       Pizza             |       |       |       |     3 |     1 |     6 ||    10
       Royal jelly       |       |       |       |       |       |     1 ||     1
